 Dungeon Crawl Stone Soup version 0.31-a0-986-g5e6e4ef867 (webtiles) character file.

Game seed: 283374917359037265

46 javelincjr the Changeling (level 3, 0/42 HPs)
             Began as a Draconian Shapeshifter on Nov 8, 2023.
             Slain by a gnoll
             ... wielding a +0 halberd
              (3 damage)
             ... on level 2 of the Dungeon.
             The game lasted 00:03:08 (770 turns).

javelincjr the Changeling (Draconian Shapeshifter)   Turns: 770, Time: 00:03:08

Health: 0/42       AC: 21    Str: 18    XL:     3   Next: 46%
Magic:  3/3        EV:  2    Int: 10    God:
Gold:   48         SH:  0    Dex: 10    Spells: 2/2 levels left

rFire   . .          .
                       - Unarmed
rCold   . . .        (no shield)
rNeg    . . .        (body armour unavailable)
rPois   +            (helmet currently unavailable)
rElec   .            (cloak currently unavailable)
rCorr   .            (gloves currently unavailable)
SInv    .            (boots currently unavailable)
Will    .....        (no amulet)
Stlth   +            (no ring)
HPRegen 0.27/turn    (no ring)
MPRegen 0.08/turn

%: no passive effects
@: brilliant, tree-form
A: stationary, stasis, torment immunity, boosted hp, AC +5, unfitting armour,
(cold-blooded), deterioration 1, mutation resistance 1
a: no special abilities


You were on level 2 of the Dungeon.
You were a tree.
You visited 1 branch of the dungeon, and saw 2 of its levels.

You collected 48 gold pieces.

Inventory:

Armour
 d - an orb of energy
Magical Staves
 l - a staff of poison
Talismans
 b - a beast talisman
 c - a flux talisman
Scrolls
 e - 2 scrolls of identify {unknown}
 f - a scroll of noise {unknown}
 h - a scroll of blinking {unknown}
 i - a scroll of immolation {unknown}
 k - a scroll of enchant weapon {unknown}


   Skills:
 - Level 1.1 Fighting
 - Level 2.0 Dodging
 - Level 3.0 Unarmed Combat
 * Level 4.2 Shapeshifting


You had 2 spell levels left.
You didn't know any spells.
Your spell library was empty.

Dungeon Overview and Level Annotations

Branches:
Dungeon (2/15)

Altars:


Innate Abilities, Weirdness & Mutations

You are a tree.
Your roots penetrate the ground, keeping you stationary.
You cannot be teleported.
You are immune to unholy pain and torment.
Your maximum health is greatly increased.
Your equipment is partially melded.
((Your plain brown scales are hard. (AC +5)))
You cannot fit into any form of body armour.
((You are cold-blooded and may be slowed by cold attacks.))
Your body sometimes deteriorates upon taking damage.
You are somewhat resistant to further mutation.


Message History

The endoplasm misses you.
The endoplasm jiggles.
The endoplasm attacks as it pursues you!
The endoplasm hits you but does no damage.
The gnoll attacks as it pursues you! The gnoll hits you with a +0 whip.
* * * LOW HITPOINT WARNING * * *
You closely miss the gnoll. You punch the gnoll, but do no damage.
The gnoll misses you.
You closely miss the gnoll. The gnoll closely misses you.
It was a potion of mutation.
You feel extremely strange.
You feel yourself wasting away.
You feel genetically stable. The gnoll barely misses you.
It was a potion of brilliance.
You feel clever all of a sudden. The gnoll hits you with a +0 whip.
* * * LOW HITPOINT WARNING * * *
Your transformation has ended.
You turn into a tree.
Your roots penetrate the ground.
The gnoll hits you but does no damage.
You closely miss the gnoll. The gnoll hits you but does no damage.
You barely miss the gnoll. The gnoll hits you with a +0 whip.
* * * LOW HITPOINT WARNING * * *
You barely miss the gnoll. The gnoll hits you but does no damage.
You closely miss the gnoll. The gnoll hits you but does no damage.
You smack the gnoll!
The gnoll is almost dead.
You hit the gnoll.
You kill the gnoll!
You smack the endoplasm!
You kill the endoplasm!
You barely miss the giant cockroach. The giant cockroach bites you.
* * * LOW HITPOINT WARNING * * *
The giant cockroach completely misses you.
You smack the giant cockroach!
You kill the giant cockroach!
You hit the giant cockroach.
The giant cockroach is heavily wounded.
The giant cockroach bites you but does no damage.
The gnoll hits you from afar with a +0 halberd.
You die...

#.#.......#
########.#.#######
#........#.#
#..........#
#.###.###### ### #.# #..
##.## #.# #...# #.# #
#...# #♣# .# #...# #B#
..# #...# ##g##.##.#
#...# #.gg.....#
#####...#######......###
............).#...#.#.#
.................#.#....
..............#..##...#
#####...#######..# #.##


You could see 2 gnolls, a giant cockroach and a hobgoblin.

Vanquished Creatures
  A gnoll (D:2)
  2 dart slugs (D:1)
  4 endoplasms
  2 giant cockroaches
  3 goblins (D:1)
  4 hobgoblins (D:1)
  4 jackals (D:1)
  2 ball pythons (D:1)
  A bat (D:1)
  2 frilled lizards
  2 kobolds (D:2)
  3 rats (D:1)
30 creatures vanquished.

Notes
Turn   | Place    | Note
-------+----------+-------------------------------------------
     0 | D:1      | javelincjr the Draconian Shapeshifter began the quest for
                  | the Orb.
     0 | D:1      | Reached XP level 1. HP: 16/16 MP: 1/1
   106 | D:1      | Reached XP level 2. HP: 23/23 MP: 2/2
   548 | D:1      | Reached XP level 3. HP: 27/28 MP: 3/3
   671 | D:2      | Reached skill level 4 in Shapeshifting
   758 | D:2      | Gained mutation: Your body sometimes deteriorates upon
                  | taking damage. [potion of mutation]
   758 | D:2      | Gained mutation: You are somewhat resistant to further
                  | mutation. [potion of mutation]
   762 | D:2      | HP: 2/42 [gnoll/+0 whip (3)]
   768 | D:2      | HP: 2/42 [giant cockroach (1)]
   770 | D:2      | Slain by a gnoll

Illustrated notes

Levels and vault maps discovered:
D:1:      minmay_arrival_radiant_lines, layout_loops_ring, st_stairs_14
D:2:      layout_loops_cross, hangedman_decor_push, roderic_roman_lattice,
          uniq_terence

Skill      XL: |  1  2  3 |
---------------+----------+-----
Dodging        | 2 |  2.0
Shapeshifting  | 4 |  4.2
Fighting       | |  1.1
Unarmed Combat | |  3.0

Action                     || total
---------------------------++-------
  Melee: Unarmed           ||    85
         Tailslap          ||     7
         Punch             ||     2
    Use: Potion            ||     3
 Armour: Skin              ||    45
  Dodge: Dodged            ||    59

Table legend: (Time is in decaauts)
 A = Elapsed time spent in this place.
 B = Non-inter-level travel time spent in this place.
 C = Inter-level travel time spent in this place.
 D = Time resting spent in this place.
 E = Time spent auto-exploring this place.
 F = Levels seen in this place.
 G = Mean time per level.
                   A        B        C        D        E       F      G
               +--------+--------+--------+--------+--------+-----+--------+
         Total |    770 |    733 |     37 |      0 |    552 |   2 |  385.0 |
       Dungeon |    770 |    733 |     37 |      0 |    552 |   2 |  385.0 |
               +--------+--------+--------+--------+--------+-----+--------+

Top non-repeatable levels by time:
     D:1: 667 daAuts
     D:2: 103 daAuts
